 Dungeon Crawl Stone Soup version 0.30-a0-953-g5f1da4a474 (webtiles) character file.

Game seed: 13069411046494518331

492 Jackthecabe the Firebug (level 6, 0/45 HPs)
             Began as a Demonspawn Fire Elementalist on Mar 28, 2023.
             Slain by Duvessa
             ... wielding a +0 rapier
              (9 damage)
             ... on level 3 of the Dungeon.
             The game lasted 00:11:18 (5719 turns).

Jackthecabe the Firebug (DsFE)                      Turns: 5719, Time: 00:11:19

Health: 0/45       AC:  5    Str:  8    XL:     6   Next: 91%
Magic:  2/10       EV: 12    Int: 24    God:
Gold:   250        SH:  0    Dex: 14    Spells: 4/11 levels left

rFire   . . .      SeeInvis .    (no weapon)
rCold   . . .      Faith    .    (no shield)
rNeg    . . .      Spirit   .    a - +0 robe
rPois   .          Reflect  .    (helmet restricted)
rElec   .          Rampage  .    (no cloak)
rCorr   .                        (no gloves)
Will    .....                    e - +1 pair of boots
Stlth   ++                       (no amulet)
HPRegen 0.27/turn                I - +6 ring of intelligence
MPRegen 0.12/turn                (no ring)

@: no status effects
A: horns 1, rugged brown scales 1, ignite blood 2
a: no special abilities


You were on level 3 of the Dungeon.
You visited 1 branch of the dungeon, and saw 5 of its levels.

You collected 250 gold pieces.


Innate Abilities, Weirdness & Mutations

You have a pair of small horns on your head.
You are partially covered in rugged brown scales. (AC +1, +3% HP)
Your demonic aura often causes spilled blood to erupt in flames.


   Skills:
 - Level 2.0 Fighting
 - Level 1.7 Dodging
 - Level 1.7 Stealth
 - Level 3.0 Spellcasting
 - Level 4.0 Conjurations
 + Level 3.2 Translocations
 - Level 4.0 Fire Magic


You had 4 spell levels left.
You knew the following spells:

 Your Spells              Type           Power      Damage    Failure   Level
f - Foxfire               Conj/Fire      88%        2x1d5     1%          1
X - Scorch                Fire           44%        2d7       3%          2
Y - Iskenderun's Mystic   Conj/Tloc      21%        2d6       24%         4

Your spell library contained the following spells:

 Spells                   Type           Power      Damage    Failure   Level
 Summon Small Mammal      Summ           12%        N/A       11%         1
 Kindle Blastsparks       Fire/Tloc/Air  30%        2d12      12%         3
 Inner Flame              Hex/Fire       13%        N/A       14%         3
 Flame Wave               Conj/Fire      22%        2d8       21%         4
 Call Canine Familiar     Summ           3%         N/A       32%         3
 Summon Guardian Golem    Hex/Summ       3%         N/A       32%         3
 Fulminant Prism          Conj/Hex       6%         3d7       43%         4
 Lee's Rapid Deconstruct  Erth           1%         3d4*      96%         5

Inventory:

Armour
 a - a +0 robe (worn)
 e - a +1 pair of boots (worn)
Jewellery
 I - a +6 ring of intelligence (left hand)
Wands
 s - a wand of flame (4)
 u - a wand of digging (6)
Scrolls
 c - 3 scrolls of teleportation {@r2}
 d - a scroll of torment {unknown}
 f - a scroll of summoning {unknown}
 g - 3 scrolls of fear
 k - a scroll of blinking {unknown}
 l - 2 scrolls of enchant armour
 m - a scroll of poison {unknown}
 p - a scroll of enchant weapon {unknown}
 r - a scroll of silence {unknown}
Potions
 b - a potion of magic
 h - a potion of haste {unknown}
 i - 4 potions of flight
 n - 2 potions of curing {@q1}
 o - a potion of resistance {unknown}
 t - 2 potions of attraction
 v - a potion of invisibility {unknown}

Dungeon Overview and Level Annotations

Branches:
Dungeon (5/15)
 Temple: D:4-7

Altars:
Ashenzari

Shops:
D:4 [

Annotations:
D:3 Dowan, Duvessa
D:4 Sigmund
D:5 Edmund

#.........# #..#.########.....
#.........# #..#.########.....
#.........# ###..#.##...........
#####.....###...................
#.....##..#..#.##.#######.#.
#.....#...)..#.##.# #.#.
#............#.##.# #.#.
####.#..e....#.##.#######.#.
##.e.#....e@................
#..########.##.#.<#######+##
#>....................#.....
#...........##.#..###.'....#
#..................####....#
######..............##.## #....#
....###..........##.##.#####....#
................................#
................###.##.####.....#


You could see Duvessa (fast) and Dowan.


Message History

* * * LOW HITPOINT WARNING * * *
You hit Duvessa but do no damage. You headbutt Duvessa.
Duvessa is moderately wounded.
Duvessa is no longer more vulnerable to fire.
Duvessa closely misses you. Dowan closely misses you.
Dowan attacks as you move away! Dowan barely misses you.
Dowan is no longer more vulnerable to fire.
Duvessa barely misses you. Duvessa hits you with a +0 rapier.
* * * LOW HITPOINT WARNING * * *
Duvessa hits you with a +0 rapier.
* * * LOW HITPOINT WARNING * * *
Duvessa attacks as you move away! Duvessa hits you but does no damage.
Duvessa attacks as you move away! Duvessa hits you but does no damage.
Duvessa hits you with a +0 rapier.
* * * LOW HITPOINT WARNING * * *
Duvessa barely misses you.
You feel much better.
Dowan points at you and mumbles some strange words.
The puff of flame hits you!
* * * LOW HITPOINT WARNING * * *
Duvessa attacks as you move away! Duvessa completely misses you.
Dowan casts a spell at you. The puff of frost hits you.
* * * LOW HITPOINT WARNING * * *
Duvessa hits you with a +0 rapier!
* * * LOW HITPOINT WARNING * * *
Duvessa gestures with her weapon.
Duvessa hits you but does no damage. Duvessa hits you with a +0 rapier!
You die...

Skill      XL: |  1  2  3  4  5  6 |
---------------+-------------------+-----
Fire Magic     | 3 4 |  4.0
Conjurations   | 2 3 4 |  4.0
Fighting       | 2 |  2.0
Translocations | 1 3 |  3.2
Spellcasting   | 3 |  3.0
Dodging        | |  1.7
Stealth        | |  1.7

Action                     |  1- 3 |  4- 6 || total
---------------------------+-------+-------++-------
  Melee: Unarmed           |       |    27 ||    27
         Headbutt          |       |     7 ||     7
   Cast: Foxfire           |    62 |    86 ||   148
         Scorch            |     5 |    43 ||    48
    Use: Scroll            |       |     6 ||     6
         Potion            |       |     1 ||     1
 Armour: Robe              |     1 |    14 ||    15
  Dodge: Dodged            |     1 |    53 ||    54

Levels and vault maps discovered:
D:1:      minmay_arrival_loop, layout_basic, nicolae_grassy_gnolls
D:2:      layout_loops_corners
D:3:      layout_basic, amcnicky_altar_gilded, uniq_terence, uniq_natasha
D:4:      layout_rooms, zin_treasury, serial_shops, nicolae_inconvenience_store,
          uniq_duvessa, uniq_sigmund
D:5:      layout_basic, minmay_temple_entry_statues_fountains, serial_shops,
          nicolae_square_shop, uniq_grinder, uniq_edmund

Notes
Turn   | Place    | Note
-------+----------+-------------------------------------------
     0 | D:1      | Jackthecabe the Demonspawn Fire Elementalist began the
                  | quest for the Orb.
     0 | D:1      | Reached XP level 1. HP: 13/13 MP: 3/3
   467 | D:1      | Reached skill level 3 in Fire Magic
   491 | D:1      | Gained mutation: You have a pair of small horns on your
                  | head. [demonic ancestry]
   491 | D:1      | Reached XP level 2. HP: 19/19 MP: 0/5
   494 | D:1      | Learned a level 2 spell: Scorch
   569 | D:1      | Reached skill level 2 in Conjurations
  1178 | D:1      | Gained mutation: You are partially covered in rugged brown
                  | scales. (AC +1, +3% HP) [demonic ancestry]
  1178 | D:1      | Reached XP level 3. HP: 19/24 MP: 2/6
  1638 | D:2      | Reached skill level 4 in Fire Magic
  2085 | D:2      | Gained mutation: Your demonic aura sometimes causes spilled
                  | blood to erupt in flames. [demonic ancestry]
  2085 | D:2      | Reached XP level 4. HP: 31/31 MP: 4/7
  2176 | D:2      | Reached skill level 1 in Fighting
  2810 | D:3      | Found a broken altar of Ashenzari.
  2814 | D:3      | Noticed Natasha
  2827 | D:3      | Killed Natasha
  2828 | D:3      | Reached skill level 2 in Fighting
  2984 | D:3      | Noticed Natasha
  2994 | D:3      | Killed Natasha
  2995 | D:3      | Gained mutation: Your demonic aura often causes spilled
                  | blood to erupt in flames. [demonic ancestry]
  2995 | D:3      | Reached XP level 5. HP: 34/39 MP: 1/8
  3345 | D:3      | Noticed Natasha
  3349 | D:3      | Killed Natasha
  3385 | D:3      | Learned a level 4 spell: Iskenderun's Mystic Blast
  3391 | D:3      | Noticed Terence
  3399 | D:3      | Killed Terence
  3847 | D:3      | Reached skill level 3 in Conjurations
  4008 | D:4      | Reached skill level 1 in Translocations
  4115 | D:4      | Reached skill level 3 in Spellcasting
  4278 | D:4      | Noticed a phantom
  4283 | D:4      | Killed a phantom
  4284 | D:4      | Reached XP level 6. HP: 45/45 MP: 4/10
  4335 | D:4      | Found Qesoddas's Antique Armour Boutique.
  4490 | D:4      | Noticed Dowan
  4490 | D:4      | Noticed Sigmund
  4584 | D:4      | Noticed Duvessa
  4696 | D:5      | Entered Level 5 of the Dungeon
  4708 | D:5      | Noticed Edmund
  5235 | D:4      | Reached skill level 2 in Translocations
  5346 | D:4      | Reached skill level 4 in Conjurations
  5346 | D:4      | Reached skill level 3 in Translocations
  5713 | D:3      | HP: 4/45 [Duvessa/+0 rapier (4)]
  5719 | D:3      | Slain by Duvessa

Vanquished Creatures
  A black bear (D:4)
  A phantom (D:4)
  An iguana (D:4)
  Natasha (thrice) (D:3)
  Terence (D:3)
  2 orc wizards (D:4)
  A gnoll (D:1)
  4 adders
  A white imp (D:4)
  An ufetubus (D:3)
  A worm (D:4)
  2 dart slugs (D:3)
  7 orcs
  7 bats
  9 endoplasms
  2 giant cockroaches (D:2)
  6 hobgoblins
  8 jackals
  2 quokkas
  3 ball pythons
  4 frilled lizards
  9 goblins
  6 kobolds
  6 rats
88 creatures vanquished.

Vanquished Creatures (others)
  250 foxfires
250 creatures vanquished.

Grand Total: 338 creatures vanquished

Table legend: (Time is in decaauts)
 A = Elapsed time spent in this place.
 B = Non-inter-level travel time spent in this place.
 C = Inter-level travel time spent in this place.
 D = Time resting spent in this place.
 E = Time spent auto-exploring this place.
 F = Levels seen in this place.
 G = Mean time per level.
                   A        B        C        D        E       F      G
               +--------+--------+--------+--------+--------+-----+--------+
         Total |   5741 |   5351 |    390 |    326 |   4135 |   5 | 1148.2 |
       Dungeon |   5741 |   5351 |    390 |    326 |   4135 |   5 | 1148.2 |
               +--------+--------+--------+--------+--------+-----+--------+

Top non-repeatable levels by time:
     D:3: 2068 daAuts
     D:1: 1321 daAuts
     D:2: 1223 daAuts
     D:4: 1095 daAuts
     D:5: 33 daAuts

Table legend:
 A = Non-vault XP
 B = Vault XP
 C = Vault XP percentage of total XP
 D = Non-vault monster count
 E = Vault monster count
 F = Vault count percentage of total count
                 A         B        C        D         E       F
            +---------+---------+-------+---------+---------+-------
      Total |     617 |      87 |  12.4 |      85 |       3 |   3.4
            +---------+---------+-------+---------+---------+-------
        D:1 |      29 |      14 |  32.6 |      19 |       1 |   5.0
        D:2 |      61 |       0 |   0.0 |      22 |       0 |   0.0
        D:3 |     137 |      73 |  34.8 |      21 |       2 |   8.7
        D:4 |     390 |       0 |   0.0 |      23 |       0 |   0.0
            +---------+---------+-------+---------+---------+-------
